 Dungeon Crawl Stone Soup version 0.15-a0-834-gd31242b (console) character file.

113 Heavyweight the Scratcher (level 4, 0/21 HPs)
             Began as a Felid Abyssal Knight on May 15, 2014.
             Was a Priest of Lugonu.
             Slain by a scorpion (6 damage)
             ... on Level 4 of the Dungeon.
             The game lasted 00:09:32 (2051 turns).

Heavyweight the Scratcher (Felid Abyssal Knight)    Turns: 2051, Time: 00:09:32

HP   0/21        AC  1     Str  8      XL: 4   Next: 65%
MP   7/8         EV 18     Int 13      God: Lugonu [***...]
Gold 175         SH  0     Dex 16      Spells:  0 memorised,  3 levels left
Lives: 0, deaths: 1

rFire  . . .     SeeInvis +       - Unarmed
rCold  . . .     Clarity  .     (armour unavailable)
rNeg   . . .     Conserve .     (shield unavailable)
rPois  .         rCorr    .     (helmet unavailable)
rElec  .         rRot     .     (cloak unavailable)
SustAb . .       Spirit   .     (gloves unavailable)
rMut   .         Warding  .     (boots unavailable)
Gourm  .         Stasis   .     (no amulet)
MR     .....                    (no ring)
                                (no ring)

@: quick, not resistant to hostile enchantments, unstealthy
A: paw claws, no armour, no weapons or thrown items, fangs 3, see invisible,
carnivore 3, speed 1, shaggy fur 1, slow metabolism 1, jump 1
a: Jump Attack, Depart the Abyss, Bend Space, Banish, Renounce Religion


You were on level 4 of the Dungeon.
You worshipped Lugonu.
Lugonu was most pleased with you.
You were not hungry.

You visited 1 branch of the dungeon, and saw 4 of its levels.
You visited the Abyss 1 time.

You collected 175 gold pieces.

Inventory:

Magical devices
 n - a wand of enslavement (13)
 o - a wand of polymorph (15)
Comestibles
 c - 2 meat rations
Scrolls
 b - 2 scrolls of identify {unknown}
 d - a scroll of fog {unknown}
 g - a scroll of enchant weapon I {unknown}
 h - 2 scrolls of teleportation {unknown}
 i - 3 scrolls of remove curse
 k - a scroll of magic mapping {unknown}
 m - a scroll of random uselessness {unknown}
 p - a scroll of enchant armour {unknown}
 q - a scroll of immolation {unknown}
Potions
 a - 3 potions of curing
 e - a potion of agility {unknown}
 f - a potion of brilliance {unknown}
 j - a potion of heal wounds {unknown}
 r - a potion of degeneration {unknown}
Books
 l - a book of Wizardry

   Spells                             Type                      Level
   Agony                              Necromancy                   5
   Force Lance                        Conjuration                  5
   Dispersal                          Translocation                6
   Haste                              Charms                       6
   Invisibility                       Hexes                        6
   Spellforged Servitor               Conjuration/Summoning        7


   Skills:
 - Level 3.0 Fighting
 - Level 3.2 Dodging
 + Level 5.0 Unarmed Combat
 * Level 2.9 Invocations


You had 3 spell levels left.
You didn't know any spells.

Dungeon Overview and Level Annotations

Branches:
Dungeon (4/15)
 Temple: D:4-7

Altars:
Cheibriados
Gozag

Annotations:
D:4 Dowan, Duvessa


Innate Abilities, Weirdness & Mutations

You cannot wear armour.
You are incapable of wielding weapons or throwing items.
Your paws have sharp claws.
You have razor-sharp teeth.
You have supernaturally acute eyesight.
You are carnivorous and can eat meat at any time.
You cover ground quickly.
You are covered in fur (AC +1).
You have a slow metabolism.
You can jump attack at a short distance.


Message History

You kill the goblin!
Lugonu accepts your kill.
You see here a goblin corpse.
You offer a prayer to Lugonu.
The goblin corpse is consumed by the void.
Lugonu is most pleased with you.
A scorpion comes into view.
You scratch the scorpion.
The scorpion is moderately wounded.
The scorpion misses you.
You scratch the scorpion.
The scorpion is heavily wounded.
You claw the scorpion! Your bite misses the scorpion.
The scorpion is almost dead.
The scorpion stings you!
* * * LOW HITPOINT WARNING * * *
You closely miss the scorpion.
The scorpion is almost dead.
The scorpion stings you.
You die...

# #......).#
#.##.#.#.#.#.#.
#.######.#
#.#.#.#.#.#.#.#
#.#...<#.#
#.##.#.#.#.#.#.
#.#.####.#
#..............
#.#......#
#.#############
#.######## #.#
#.. #.#
############.#
.......s@...#
#############


You could see a scorpion.

Vanquished Creatures
  2 worker ants
  An adder (D:3)
  A gnoll (D:1)
  An inept item mimic (D:3)
  A giant gecko (D:3)
  An ooze (D:3)
  2 orcs (D:3)
  5 bats
  A bat skeleton (D:4)
  A giant cockroach (D:1)
  7 hobgoblins
  4 jackals (D:4)
  2 ball pythons
  3 giant newts
  6 goblins
  5 kobolds
  7 rats
50 creatures vanquished.

Vanquished Creatures (others)
  A phantom (D:4)
1 creature vanquished.

Grand Total: 51 creatures vanquished

Notes
Turn   | Place    | Note
--------------------------------------------------------------
     0 | Abyss:1  | Heavyweight, the Felid Abyssal Knight, began the quest for the Orb.
     0 | Abyss:1  | Reached XP level 1. HP: 10/10 MP: 2/2
    14 | Abyss:1  | Found a corrupted altar of Lugonu.
    38 | D:1      | Escaped the Abyss
   213 | D:3      | Noticed a worker ant
   339 | D:1      | Reached XP level 2. HP: 7/14 MP: 3/3
   575 | D:2      | Acquired Lugonu's second power
   770 | D:2      | Reached XP level 3. HP: 7/17 MP: 5/5
   871 | D:2      | Found a snail-covered altar of Cheibriados.
  1041 | D:3      | Found an opulent altar of Gozag.
  1255 | D:3      | Reached skill level 4 in Unarmed Combat
  1413 | D:3      | Reached XP level 4. HP: 8/21 MP: 8/8
  1556 | D:3      | Killed a worker ant
  1586 | D:3      | Acquired Lugonu's third power
  1752 | D:4      | Noticed Duvessa
  1754 | D:4      | Noticed Dowan
  1960 | D:4      | Slain by a scorpion
  1961 | D:4      | Reached XP level 3. HP: -4/17 MP: 6/6
  1963 | D:4      | Noticed a phantom
  2016 | D:4      | Banished a phantom
  2016 | D:4      | Reached skill level 5 in Unarmed Combat
  2016 | D:4      | Reached XP level 4. HP: 14/21 MP: 8/8
  2051 | D:4      | Slain by a scorpion

Action                   |  1- 3 |  4- 6 || total
-------------------------+-------+-------++-------
Melee: Unarmed           |   140 |    38 ||   178
Invok: Banish            |       |     1 ||     1
Evoke: Wand              |     2 |     2 ||     4
  Use: Potion            |       |     2 ||     2
       Scroll            |       |     1 ||     1
 Stab: Sleeping          |     2 |     1 ||     3
